 Dungeon Crawl Stone Soup version 0.26.1-10-gdfb7c7de75 (webtiles) character file.

Game seed: 16291426969522950357

79 GenialerGandalf the Chopper (level 4, -1/40 HPs)
             Began as a Hill Orc Fighter on Apr 3, 2021.
             Slain by Sigmund
             ... wielding a +0 scythe
              (5 damage)
             ... on level 2 of the Dungeon.
             The game lasted 00:06:39 (1339 turns).

GenialerGandalf the Chopper (Hill Orc Fighter)      Turns: 1339, Time: 00:06:39

Health: -1/40      AC:  6    Str: 19    XL:     4   Next: 37%
Magic:  4/4        EV:  7    Int:  8    God:
Gold:   55         SH:  9    Dex: 10    Spells: 3/3 levels left

rFire    . . .     SeeInvis .   a - +0 war axe
rCold    . . .     Faith    .   c - +0 kite shield
rNeg     . . .     Spirit   .   b - +0 scale mail
rPois    .         Reflect  .   (no helmet)
rElec    .         Harm     .   (no cloak)
rCorr    .         Rampage  .   (no gloves)
Will     .....                  (no boots)
Stlth    ..........             (no amulet)
HPRegen  0.13/turn              q - ring of attention (curse)
MPRegen  0.09/turn              (no ring)

@: no status effects
A: no striking features
a: no special abilities


You were on level 2 of the Dungeon.
You visited 1 branch of the dungeon, and saw 2 of its levels.

You collected 55 gold pieces.

Inventory:

Hand Weapons
 a - a +0 war axe (weapon)
Missiles
 e - 63 sling bullets
 f - 40 arrows
 j - 10 bolts
 k - 26 stones (quivered)
 p - 10 poisoned darts
Armour
 b - a +0 scale mail (worn)
 c - a +0 kite shield (worn)
 r - a +0 pair of gloves
Jewellery
 q - a cursed ring of attention (left hand)
Scrolls
 g - 3 scrolls of teleportation
 m - a scroll of enchant armour {unknown}
 n - 2 scrolls of fear {unknown}
Potions
 d - a potion of might
 h - a potion of mutation {unknown}
 i - 3 potions of curing {unknown}
 o - a potion of lignification {unknown}


   Skills:
 + Level 4.1 Fighting
 + Level 4.3 Axes
 + Level 3.6 Armour
 + Level 0.4 Dodging
 + Level 3.8 Shields


You had 3 spell levels left.
You didn't know any spells.
Your spell library was empty.

Dungeon Overview and Level Annotations

Branches:
Dungeon (2/15)

Altars:

Annotations:
D:2 Sigmund


Message History

The kobold is moderately wounded.
You block the kobold's attack. Something hits you.
You barely miss the kobold.
The kobold is moderately wounded.
The kobold hits you but does no damage. You block the kobold's attack.
You hit the kobold.
You kill the kobold!
Something hits you. Something hits you!
* * * LOW HITPOINT WARNING * * *
You see here a +0 whip.
Something hits you.
* * * LOW HITPOINT WARNING * * *
You see here a bubbling yellow potion.
As you read the scroll labelled BERETE ECADI, it crumbles to dust.
You hear a loud clanging noise!
It was a scroll of noise.
You hear a shout!
Something hits you.
You die...

##########.....# .. #.
#.....# ...### #######
...... #.... ##############
#.... #............# #....
#(...........# #....
#............# #....
#.......@(...# #....
#.....{......# #....
#............# #....
#...)........########....
####...!.....>..............
.........................###
......#########...........#
...... #...........# ......
#...........#


There were no monsters in sight!

Vanquished Creatures
  Jessica (D:2)
  An ooze (D:1)
  A dart slug (D:1)
  2 worms (D:2)
  An orc (D:2)
  10 bats
  6 goblins
  7 hobgoblins
  2 frilled lizards (D:1)
  4 kobolds
  3 rats (D:1)
38 creatures vanquished.

Notes
Turn   | Place    | Note
-------+----------+-------------------------------------------
     0 | D:1      | GenialerGandalf the Hill Orc Fighter began the quest for
                  | the Orb.
     0 | D:1      | Reached XP level 1. HP: 19/19 MP: 1/1
   193 | D:1      | Reached XP level 2. HP: 20/27 MP: 2/2
   399 | D:1      | Reached XP level 3. HP: 32/33 MP: 3/3
   894 | D:2      | Noticed Jessica
   907 | D:2      | Killed Jessica
   908 | D:2      | Reached XP level 4. HP: 18/40 MP: 4/4
  1317 | D:2      | Noticed Sigmund
  1339 | D:2      | Slain by Sigmund

Illustrated notes

Levels and vault maps discovered:
D:1:      onia_arrival_mini_spirals, layout_rooms
D:2:      layout_basic, uniq_sigmund, uniq_jessica

Skill      XL: |  1  2  3 |
---------------+----------+-----
Fighting       | 4 |  4.1
Axes           | 3 4 |  4.3
Armour         | |  3.6
Dodging        | |  0.4
Shields        | |  3.8

Action                   |  1- 3 |  4- 6 || total
-------------------------+-------+-------++-------
Melee: War axe           |    78 |    20 ||    98
  Use: Scroll            |       |     2 ||     2
Armor: Scale mail        |    46 |    10 ||    56
Dodge: Dodged            |    32 |    16 ||    48
Block: Kite shield       |    50 |    21 ||    71
